 Dungeon Crawl Stone Soup version 0.29-a0-275-g389c0b56f3 (webtiles) character file.

Game seed: 5856249316161530503

23 jlumianski the Skirmisher (level 2, 0/24 HPs)
             Began as a Demonspawn Fighter on Mar 11, 2022.
             Slain by Natasha (2 damage)
             ... on level 2 of the Dungeon.
             The game lasted 00:03:57 (1266 turns).

jlumianski the Skirmisher (Demonspawn Fighter)      Turns: 1266, Time: 00:03:57

Health: 0/24       AC:  7    Str: 16    XL:     2   Next: 72%
Magic:  2/2        EV:  8    Int:  9    God:
Gold:   73         SH:  4    Dex: 12    Spells: 1/1 levels left

rFire   . . .      SeeInvis .   a - +0 war axe
rCold   . . .      Faith    .   c - +0 buckler
rNeg    . . .      Spirit   .   b - +0 scale mail
rPois   .          Reflect  .   n - +0 helmet
rElec   .          Harm     .   (no cloak)
rCorr   .          Rampage  .   (no gloves)
Will    .....                   (no boots)
Stlth   ..........              (no amulet)
HPRegen 0.08/turn               (no ring)
MPRegen 0.08/turn               (no ring)

@: slowed, very slow
A: powered by pain 1
a: no special abilities


You were on level 2 of the Dungeon.
You visited 1 branch of the dungeon, and saw 2 of its levels.

You collected 73 gold pieces.

Inventory:

Hand Weapons
 a - a +0 war axe (weapon)
Missiles
 i - 83 stones (quivered)
 o - 4 poisoned darts
Armour
 b - a +0 scale mail (worn)
 c - a +0 buckler (worn)
 n - a +0 helmet (worn)
Scrolls
 g - a scroll of identify {unknown}
 h - 2 scrolls of teleportation {unknown}
Potions
 d - a potion of might
 e - a potion of mutation {unknown}
 f - a potion of resistance {unknown}
 j - 2 potions of cancellation {unknown}
 k - a potion of degeneration {unknown}
 l - a potion of attraction {unknown}
 m - 2 potions of curing {unknown}


   Skills:
 + Level 3.3 Fighting
 + Level 2.2 Axes
 + Level 3.0 Armour
 + Level 2.8 Shields


You had one spell level left.
You didn't know any spells.
Your spell library was empty.

Dungeon Overview and Level Annotations

Branches:
Dungeon (2/15)

Altars:

Annotations:
D:2 Natasha


Innate Abilities, Weirdness & Mutations

You sometimes gain a little power by taking damage.


Message History

The magic dart hits you!
You closely miss Natasha. You closely miss the crimson imp.
You block the crimson imp's attack. Natasha barely misses you.
You block the crimson imp's attack. Natasha claws you.
The crimson imp attacks as you move away!
The crimson imp hits you but does no damage.
Natasha attacks as you move away! Natasha claws you.
The crimson imp attacks as you move away!
The crimson imp hits you but does no damage.
The crimson imp attacks as you move away!
The crimson imp hits you but does no damage.
Natasha mumbles some strange words.
The crimson imp attacks as you move away!
The crimson imp closely misses you.
The crimson imp blinks!
You closely miss the crimson imp. The crimson imp barely misses you.
You barely miss the crimson imp. You hit Natasha.
The crimson imp shouts, "Submit, thou artless ill-nurtured joithead!"
The crimson imp blinks!
The white imp puffs mist at you. Natasha barely misses you.
You hit Natasha.
Natasha is moderately wounded.
Natasha claws you but does no damage.
The crimson imp blinks!
Natasha claws you.
You hit Natasha.
Natasha is severely wounded.
Natasha claws you but does no damage.
The crimson imp blinks!
You barely miss Natasha.
Natasha is severely wounded.
The crimson imp disappears in a puff of smoke!
Natasha claws you.
* * * LOW HITPOINT WARNING * * *
Natasha claws you.
* * * LOW HITPOINT WARNING * * *
Natasha attacks as you move away! Natasha claws you but does no damage.
Natasha stares at you and mumbles some strange words.
You feel yourself slow down. Natasha attacks as you move away!
Natasha claws you but does no damage. Natasha claws you.
You die...

### # .# # .# # ##.
# #.. # ## #.# # ..
#.# #
###.##.####### #
#....@........ #
#.#.##h###### # #
#5# ######### #.#
........# #.#
....###.######.##.#
...............##.#
........#########.#
.......#....†.....#
#


You could see Natasha and a white imp (summoned).

Vanquished Creatures
  2 ball pythons (D:1)
  5 endoplasms
  A giant cockroach (D:2)
  3 hobgoblins
  2 kobolds
  A quokka (D:1)
  2 goblins (D:1)
  3 rats
19 creatures vanquished.

Notes
Turn   | Place    | Note
-------+----------+-------------------------------------------
     0 | D:1      | jlumianski the Demonspawn Fighter began the quest for the
                  | Orb.
     0 | D:1      | Reached XP level 1. HP: 18/18 MP: 1/1
   290 | D:1      | Gained mutation: You sometimes gain a little power by
                  | taking damage. [demonic ancestry]
   290 | D:1      | Reached XP level 2. HP: 13/24 MP: 2/2
   892 | D:2      | Found a faded altar of an unknown god.
  1239 | D:2      | Noticed Natasha
  1247 | D:2      | Noticed a crimson imp
  1266 | D:2      | Slain by Natasha

Illustrated notes

Levels and vault maps discovered:
D:1:      scummos_arrival_star, layout_basic, serial_park_tiny_pond
D:2:      layout_basic, hellmonk_ecumenical_altar_pennies_from_heaven,
          basic_altar, uniq_natasha

Skill      XL: |  1  2 |
---------------+-------+-----
Axes           | 2 |  2.2
Armour         | 3 |  3.0
Fighting       | |  3.3
Shields        | |  2.8

Action                   || total
-------------------------++-------
Melee: War axe           ||    67
Armor: Scale mail        ||    32
Dodge: Dodged            ||    26
Block: Buckler           ||    18

Table legend: (Time is in decaauts)
 A = Elapsed time spent in this place.
 B = Non-inter-level travel time spent in this place.
 C = Inter-level travel time spent in this place.
 D = Time resting spent in this place.
 E = Time spent auto-exploring this place.
 F = Levels seen in this place.
 G = Mean time per level.
                   A        B        C        D        E       F      G
               +--------+--------+--------+--------+--------+-----+--------+
         Total |   1302 |   1286 |     16 |      0 |    867 |   2 |  651.0 |
       Dungeon |   1302 |   1286 |     16 |      0 |    867 |   2 |  651.0 |
               +--------+--------+--------+--------+--------+-----+--------+

Top non-repeatable levels by time:
     D:1: 847 daAuts
     D:2: 455 daAuts
